Login

Phantoms vs Fletushkas

Created - April 14, 2024 at 11:57

Goals
1 2 3 T
Phantoms 0 1 0 1
Fletushkas 1 3 0 4
Shots
1 2 3 T
Phantoms 6 7 7 20
Fletushkas 6 23 10 39

GoalsPenalties
1st period
1. Fletushkas , Braden Schneider 2 (Tyler Bertuzzi 20, K'Andre Miller 20) at 18:28
No Penalty
2nd period
2. Fletushkas , Harry Polsmokr 23 (Auston Matthews 32, K'Andre Miller 21) at 4:06
3. Fletushkas , Mattias Samuelsson 2 (Patrick Kane 24, Valeri Nichushkin 29) at 6:22
4. Fletushkas , Brock Nelson 14 (Owen Tippett 17, Sergei Bobrovsky) at 16:19 (PP)
5. Phantoms , Jared McCann 13 (Dominik Kubalik 14, Travis Hamonic 22) at 17:43
Adam Pelech (FLE) for Hooking (Minor) at 0:09
Michael Anderson (LIS) for Interference (Minor) at 14:41
3rd period
No Goal
Brady Tkachuk (LIS) for Hooking (Minor) at 5:37
Goalie Stats
Samuel Montembeault (LIS), 35 saves from 39 shots - (0.897), L, 13-9-1, 60:00 minutes
Sergei Bobrovsky (FLE), 19 saves from 20 shots - (0.950), W, 21-17-7, 60:00 minutes
3 StarsOfficial
1 - K'Andre Miller (FLE)
2 - Mattias Samuelsson (FLE)
3 - Braden Schneider (FLE)
Referees : Unknown
Linesman : Unknown
Game Note
No Game Note
Finance
Level 1 -- Attendance: 4430 (73.83%) -- Ticket Income $443,000
Level 2 -- Attendance: 3835 (76.70%) -- Ticket Income $230,100
Level 3 -- Attendance: 1469 (73.45%) -- Ticket Income $51,415
Level 4 -- Attendance: 3091 (77.28%) -- Ticket Income $77,275
Luxury Box -- Attendance: 934 (93.40%) -- Ticket Income $186,800
Game was played at the Arena Kombetare.
Total Attendance: 13759 (76.44%)
Total Ticket Income: $988,590
Other Income: $395,436
Total Income: $1,384,026



Team Name Goals Shots Shots Attemp Shots Blocked PIM HIT PP PK FO%
Phantoms 1204694200 / 1 (0%)135%
Fletushkas 4397682141 / 2 (50%)065%

Phantoms
Player Name POS G A P +/- PIM HIT SHT SB MP PP MP PP SHT PK MP PK SHT FO% FOT
Alexis LafreniereLW/RW000001106:360:0000:0000% 0
Andrew MangiapaneLW/RW0001011016:580:0000:5100% 1
Brady TkachukLW000-1224020:201:1710:25050% 2
Brayden PointC000-2003019:380:0000:00038% 24
Brian DumoulinD000-1021016:250:0000:0000% 0
Devon ToewsD000-1011319:010:5701:4800% 0
Dominik KubalikLW/RW0111010016:240:0000:1700% 3
Ilya LyubushkinD000001017:260:0000:0000% 0
Jared McCannC/LW1011003017:410:4200:5208% 13
Jesper BrattLW/RW000-2001016:171:0202:1300% 1
Kevin HayesC/LW/RW000-1000019:360:5700:00040% 5
Matthew TkachukLW/RW000-2042023:091:0202:29050% 6
Michael AndersonD000-1221117:230:0000:0000% 0
Scott MayfieldD000-1050219:010:5701:4800% 0
Sebastian AhoC000-1002019:430:5700:07050% 22
Todd HarknessD0000000223:351:0201:4900% 0
Travis HamonicD0110000017:081:0201:4900% 0
Vince DunnD000000000:000:0000:0000% 0
Fletushkas
Player Name POS G A P +/- PIM HIT SHT SB MP PP MP PP SHT PK MP PK SHT FO% FOT
Adam PelechD0001202113:580:0000:0000% 0
Auston MatthewsC0110022019:322:0300:00075% 20
Braden SchneiderD101100139:350:0001:0700% 0
Brent BurnsD000-1003118:411:5000:0000% 0
Brett PesceD000-1000118:411:2600:2400% 0
Brock NelsonC1011013016:491:3420:00065% 20
Harry PolsmokrC/RW1010016022:551:4200:00070% 10
Joel FarabeeLW/RW000000107:260:0000:0600% 0
Jordan StaalC0001003016:120:0001:12060% 20
K'Andre MillerD0222010125:072:1100:2900% 0
Kevin ShattenkirkD000000001:070:2100:4600% 0
Mattias SamuelssonD1011033116:180:0001:1200% 0
Noel AcciariC/LW/RW0001031017:510:0001:0600% 1
Owen TippettLW/RW0110013018:491:3400:00067% 3
Patrick KaneRW0111004019:311:3410:000100% 1
Tyler BertuzziLW/RW0111001016:300:2100:4700% 2
Valeri NichushkinLW/RW0111026022:262:0300:4700% 0
Zachary WerenskiD0001000016:321:2600:0000% 0

Phantoms

5 vs 5 Forward
Line #Left WingCenterRight WingPHYDFOFWanted %Time %Time Play
1Matthew TkachukBrayden PointJesper Bratt1223024%13:02
2Brady TkachukSebastian AhoKevin Hayes1222834%18:39
3Dominik KubalikJared McCannAndrew Mangiapane1222630%16:07
4Alexis LafreniereBrayden PointMatthew Tkachuk1221612%6:36
5 vs 5 Defense
Line #DefenseDefensePHYDFOFWanted %Time %Time Play
1Todd HarknessTravis Hamonic1223026%14:17
2Scott MayfieldDevon Toews1222830%16:16
3Brian DumoulinMichael Anderson1222630%16:25
4Ilya LyubushkinTodd Harkness1221614%7:26
Power Play Forward
Line #Left WingCenterRight WingPHYDFOFWanted %Time %Time Play
1Matthew TkachukBrady TkachukJesper Bratt1225552%1:02
2Brady TkachukSebastian AhoKevin Hayes1224548%0:57
Power Play Defense
Line #DefenseDefensePHYDFOFWanted %Time %Time Play
1Todd HarknessTravis Hamonic1225552%1:02
2Scott MayfieldDevon Toews1224548%0:57
Penalty Kill 4 Players Forward
Line #CenterWingPHYDFOFWanted %Time %Time Play
1Matthew TkachukJesper Bratt1225573%2:39
2Brady TkachukJesper Bratt1224527%0:58
Penalty Kill 4 Players Defense
Line #DefenseDefensePHYDFOFWanted %Time %Time Play
1Todd HarknessTravis Hamonic1225550%1:49
2Scott MayfieldDevon Toews1224550%1:48
Penalty Kill 3 Players
Line #WingPHYDFOFWanted %Time %Time PlayDefenseDefensePHYDFOFWanted %Time %Time Play
1Matthew Tkachuk122550%0:00 Todd HarknessTravis Hamonic122550%0:00
2Matthew Tkachuk122450%0:00 Scott MayfieldDevon Toews122450%0:00
4 vs 4 Forward
Line #CenterWingPHYDFOFWanted %Time %Time Play
1Matthew TkachukJesper Bratt122550%0:00
2Brady TkachukJesper Bratt122450%0:00
4 vs 4 Defense
Line #DefensePHYDFOFWanted %Time %Time Play
1Todd HarknessTravis Hamonic122550%0:00
2Scott MayfieldDevon Toews122450%0:00
Last Minutes Offensive
Left WingCenterRight WingDefenseDefense
Matthew TkachukBrayden PointJesper BrattTodd HarknessTravis Hamonic
Last Minutes Defensive
Left WingCenterRight WingDefenseDefense
Matthew TkachukBrayden PointJesper BrattTodd HarknessTravis Hamonic
Time
Total ForwardTotal DefenseLast Minutes OffensiveLast Minutes Defensive
60:00 60:00 0:000:00
Extra Forwards
Normal PowerPlayPenalty Kill
Jared McCann, Dominik Kubalik, Andrew MangiapaneJared McCann, Dominik KubalikAndrew Mangiapane
Extra Defensemen
Normal PowerPlayPenalty Kill
Brian Dumoulin, Todd Harkness, Ilya LyubushkinBrian Dumoulin, Todd HarknessIlya Lyubushkin
Penalty Shots
Matthew Tkachuk, Brayden Point, Brady Tkachuk, Jesper Bratt, Sebastian Aho
Goalie
Samuel Montembeault, Pheonix Copley
Custom OT Lines Forwards
Matthew Tkachuk, Brayden Point, Brady Tkachuk, Jesper Bratt, Sebastian Aho, Jared McCann, Kevin Hayes, Dominik Kubalik, Andrew Mangiapane, Alexis Lafreniere
Custom OT Lines Defensemen
Todd Harkness, Travis Hamonic, Scott Mayfield, Devon Toews, Brian Dumoulin
Scratches
Eetu Luostarinen (Healthy), Elvis Merzlikins (Healthy)

Fletushkas

5 vs 5 Forward
Line #Left WingCenterRight WingPHYDFOFWanted %Time %Time Play
1Owen TippettAuston MatthewsHarry Polsmokr1223132%17:15
2Valeri NichushkinBrock NelsonPatrick Kane1223028%15:15
3Tyler BertuzziJordan StaalNoel Acciari1222628%15:00
4Joel FarabeeHarry PolsmokrValeri Nichushkin1221313%6:54
5 vs 5 Defense
Line #DefenseDefensePHYDFOFWanted %Time %Time Play
1K'Andre MillerAdam Pelech1223126%13:59
2Brent BurnsBrett Pesce1222831%16:51
3Mattias SamuelssonZachary Werenski1222628%15:06
4Braden SchneiderK'Andre Miller1221516%8:28
Power Play Forward
Line #Left WingCenterRight WingPHYDFOFWanted %Time %Time Play
1Valeri NichushkinAuston MatthewsHarry Polsmokr1135557%2:03
2Owen TippettBrock NelsonPatrick Kane1134543%1:34
Power Play Defense
Line #DefenseDefensePHYDFOFWanted %Time %Time Play
1Brent BurnsK'Andre Miller1135560%2:11
2Brett PesceZachary Werenski1134540%1:26
Penalty Kill 4 Players Forward
Line #CenterWingPHYDFOFWanted %Time %Time Play
1Jordan StaalNoel Acciari1315561%1:12
2Valeri NichushkinTyler Bertuzzi1314539%0:47
Penalty Kill 4 Players Defense
Line #DefenseDefensePHYDFOFWanted %Time %Time Play
1Adam PelechMattias Samuelsson1315576%1:30
2Braden SchneiderK'Andre Miller1314524%0:29
Penalty Kill 3 Players
Line #WingPHYDFOFWanted %Time %Time PlayDefenseDefensePHYDFOFWanted %Time %Time Play
1Jordan Staal131550%0:00 Adam PelechMattias Samuelsson131550%0:00
2Noel Acciari131450%0:00 Braden SchneiderK'Andre Miller131450%0:00
4 vs 4 Forward
Line #CenterWingPHYDFOFWanted %Time %Time Play
1Auston MatthewsValeri Nichushkin122550%0:00
2Brock NelsonHarry Polsmokr122450%0:00
4 vs 4 Defense
Line #DefensePHYDFOFWanted %Time %Time Play
1Brent BurnsBrett Pesce122550%0:00
2K'Andre MillerZachary Werenski122450%0:00
Last Minutes Offensive
Left WingCenterRight WingDefenseDefense
Valeri NichushkinAuston MatthewsHarry PolsmokrBrent BurnsK'Andre Miller
Last Minutes Defensive
Left WingCenterRight WingDefenseDefense
Noel AcciariJordan StaalTyler BertuzziMattias SamuelssonAdam Pelech
Time
Total ForwardTotal DefenseLast Minutes OffensiveLast Minutes Defensive
60:00 60:00 0:000:00
Extra Forwards
Normal PowerPlayPenalty Kill
Joel Farabee, Noel Acciari, Auston MatthewsTyler Bertuzzi, Joel FarabeeTyler Bertuzzi
Extra Defensemen
Normal PowerPlayPenalty Kill
Braden Schneider, Zachary Werenski, Kevin ShattenkirkKevin Shattenkirk, Braden SchneiderKevin Shattenkirk
Penalty Shots
Valeri Nichushkin, K'Andre Miller, Auston Matthews, Brett Pesce, Patrick Kane
Goalie
Sergei Bobrovsky, John Gibson
Custom OT Lines Forwards
Auston Matthews, Harry Polsmokr, Valeri Nichushkin, Brock Nelson, Owen Tippett, Patrick Kane, Noel Acciari, Tyler Bertuzzi, Joel Farabee, Jordan Staal
Custom OT Lines Defensemen
Brent Burns, K'Andre Miller, Zachary Werenski, Brett Pesce, Braden Schneider
Scratches
Nino Niederreiter (Healthy), Cam York (Healthy), Mackenzie Blackwood (Healthy)


Play-by-Play

1st period


0:01 of 1st period - Brayden Point wins face-off versus Auston Matthews in neutral zone.
0:29 of 1st period - Shot by Owen Tippett.
0:29 of 1st period - Shot Blocked by Todd Harkness.
0:31 of 1st period - Shot by Harry Polsmokr.
0:31 of 1st period - Deflect By Auston Matthews.
0:31 of 1st period - Shot Misses the Net.
0:33 of 1st period - Shot by K'Andre Miller.
0:33 of 1st period - Shot Misses the Net.
0:35 of 1st period - Shot by Adam Pelech.
0:35 of 1st period - Stopped by Samuel Montembeault without a rebound.
0:36 of 1st period - Brock Nelson wins face-off versus Sebastian Aho in Phantoms zone.
0:36 of 1st period - Brock Nelson is hit by Scott Mayfield.
0:50 of 1st period - Shot by Brock Nelson.
0:50 of 1st period - Shot Blocked by Devon Toews.
1:00 of 1st period - Shot by Sebastian Aho.
1:00 of 1st period - Stopped by Sergei Bobrovsky without a rebound.
1:01 of 1st period - Jordan Staal wins face-off versus Andrew Mangiapane in Fletushkas zone.
1:20 of 1st period - Shot by Brian Dumoulin.
1:20 of 1st period - Shot Blocked by Mattias Samuelsson.
1:39 of 1st period - Off-side.
1:40 of 1st period - Matthew Tkachuk wins face-off versus Harry Polsmokr in neutral zone.
2:50 of 1st period - Off-side.
2:51 of 1st period - Kevin Hayes wins face-off versus Brock Nelson in neutral zone.
3:06 of 1st period - Shot by Sebastian Aho.
3:06 of 1st period - Shot Hit the Post.
3:08 of 1st period - Shot by Sebastian Aho.
3:08 of 1st period - Stopped by Sergei Bobrovsky without a rebound.
3:09 of 1st period - Auston Matthews wins face-off versus Jared McCann in Fletushkas zone.
4:48 of 1st period - Shot by Matthew Tkachuk.
4:48 of 1st period - Shot Misses the Net.
5:36 of 1st period - Shot by Jared McCann.
5:36 of 1st period - Shot Misses the Net.
5:38 of 1st period - Shot by Andrew Mangiapane.
5:38 of 1st period - Stopped by Sergei Bobrovsky without a rebound.
5:39 of 1st period - Brock Nelson wins face-off versus Jared McCann in Fletushkas zone.
6:22 of 1st period - Icing by Mattias Samuelsson.
6:23 of 1st period - Brock Nelson wins face-off versus Sebastian Aho in Fletushkas zone.
6:30 of 1st period - Shot by Valeri Nichushkin.
6:30 of 1st period - Stopped by Samuel Montembeault without a rebound.
6:31 of 1st period - Auston Matthews wins face-off versus Brayden Point in Phantoms zone.
6:47 of 1st period - Icing by Travis Hamonic.
6:48 of 1st period - Harry Polsmokr wins face-off versus Brayden Point in Phantoms zone.
7:03 of 1st period - Matthew Tkachuk is hit by Valeri Nichushkin.
7:12 of 1st period - Todd Harkness is hit by Valeri Nichushkin and loses puck.
7:21 of 1st period - Shot by Jesper Bratt.
7:21 of 1st period - Stopped by Sergei Bobrovsky with a rebound.
7:23 of 1st period - Shot by Todd Harkness.
7:23 of 1st period - Shot Misses the Net.
7:35 of 1st period - Shot by Brady Tkachuk.
7:35 of 1st period - Stopped by Sergei Bobrovsky without a rebound.
7:36 of 1st period - Jordan Staal wins face-off versus Kevin Hayes in Fletushkas zone.
7:36 of 1st period - Jordan Staal is hit by Brady Tkachuk.
7:41 of 1st period - Jordan Staal is hit by Scott Mayfield and loses puck.
7:55 of 1st period - Icing by Scott Mayfield.
7:56 of 1st period - Sebastian Aho wins face-off versus Auston Matthews in Phantoms zone.
7:56 of 1st period - Devon Toews is hit by Auston Matthews and loses puck.
8:04 of 1st period - Harry Polsmokr is hit by Devon Toews and loses puck.
8:17 of 1st period - Shot by Harry Polsmokr.
8:17 of 1st period - Shot Blocked by Scott Mayfield.
8:27 of 1st period - Shot by Harry Polsmokr.
8:27 of 1st period - Shot Blocked by Devon Toews.
8:36 of 1st period - Icing by Scott Mayfield.
8:37 of 1st period - Sebastian Aho wins face-off versus Jordan Staal in Phantoms zone.
8:58 of 1st period - Shot by Matthew Tkachuk.
8:58 of 1st period - Deflect By Brayden Point.
8:58 of 1st period - Shot Misses the Net.
9:14 of 1st period - Shot by Jordan Staal.
9:14 of 1st period - Stopped by Samuel Montembeault without a rebound.
9:15 of 1st period - Brock Nelson wins face-off versus Jared McCann in Phantoms zone.
9:19 of 1st period - Icing by Brian Dumoulin.
9:20 of 1st period - Patrick Kane wins face-off versus Jared McCann in Phantoms zone.
9:58 of 1st period - Jared McCann is hit by Mattias Samuelsson and loses puck.
10:41 of 1st period - Todd Harkness is hit by Harry Polsmokr and loses puck.
10:46 of 1st period - Shot by Harry Polsmokr.
10:46 of 1st period - Shot Misses the Net.
11:39 of 1st period - Tyler Bertuzzi is hit by Scott Mayfield and loses puck.
12:16 of 1st period - Shot by Valeri Nichushkin.
12:16 of 1st period - Shot Blocked by Devon Toews.
12:26 of 1st period - Shot by Brock Nelson.
12:26 of 1st period - Shot Misses the Net.
12:28 of 1st period - Shot by Patrick Kane.
12:28 of 1st period - Stopped by Samuel Montembeault with a rebound.
13:26 of 1st period - Shot by Jared McCann.
13:26 of 1st period - Shot Blocked by Braden Schneider.
13:28 of 1st period - Shot by Michael Anderson.
13:28 of 1st period - Shot Misses the Net.
14:03 of 1st period - Icing by Owen Tippett.
14:04 of 1st period - Owen Tippett wins face-off versus Brayden Point in Fletushkas zone.
14:29 of 1st period - Jordan Staal is hit by Alexis Lafreniere and loses puck.
15:10 of 1st period - Shot by Patrick Kane.
15:10 of 1st period - Shot Misses the Net.
15:20 of 1st period - Shot by Valeri Nichushkin.
15:20 of 1st period - Shot Misses the Net.
16:51 of 1st period - Shot by Harry Polsmokr.
16:51 of 1st period - Deflect By Owen Tippett.
16:51 of 1st period - Shot Misses the Net.
18:00 of 1st period - Shot by Jordan Staal.
18:00 of 1st period - Stopped by Samuel Montembeault without a rebound.
18:01 of 1st period - Jordan Staal wins face-off versus Brayden Point in Phantoms zone.
18:26 of 1st period - Shot by Tyler Bertuzzi.
18:26 of 1st period - Shot Misses the Net.
18:28 of 1st period - Shot by Braden Schneider.
18:28 of 1st period - Goal by Braden Schneider - Phantoms : 0 - Fletushkas : 1.
18:29 of 1st period - Harry Polsmokr wins face-off versus Sebastian Aho in neutral zone.
18:48 of 1st period - Icing by Todd Harkness.
18:49 of 1st period - Auston Matthews wins face-off versus Sebastian Aho in Phantoms zone.
18:49 of 1st period - Auston Matthews is hit by Ilya Lyubushkin.
19:47 of 1st period - Shot by Brayden Point.
19:47 of 1st period - Stopped by Sergei Bobrovsky without a rebound.
19:48 of 1st period - Jordan Staal wins face-off versus Jared McCann in Fletushkas zone.
Goals for this period are 0 for Phantoms vs 1 for Fletushkas.
Shots for this period are 6 for Phantoms vs 6 for Fletushkas.

2nd period


0:01 of 2nd period - Brayden Point wins face-off versus Harry Polsmokr in neutral zone.
0:09 of 2nd period - Minor Penalty to Adam Pelech for Hooking.
0:10 of 2nd period - Jordan Staal wins face-off versus Brady Tkachuk in Fletushkas zone.
0:29 of 2nd period - Shot by Brady Tkachuk.
0:29 of 2nd period - Stopped by Sergei Bobrovsky without a rebound.
0:30 of 2nd period - Jordan Staal wins face-off versus Sebastian Aho in Fletushkas zone.
2:20 of 2nd period - Shot by Alexis Lafreniere.
2:20 of 2nd period - Stopped by Sergei Bobrovsky without a rebound.
2:21 of 2nd period - Brock Nelson wins face-off versus Jared McCann in Fletushkas zone.
3:08 of 2nd period - Icing by Brett Pesce.
3:09 of 2nd period - Brady Tkachuk wins face-off versus Brock Nelson in Fletushkas zone.
3:56 of 2nd period - Shot by Harry Polsmokr.
3:56 of 2nd period - Stopped by Samuel Montembeault with a rebound.
4:06 of 2nd period - Shot by Harry Polsmokr.
4:06 of 2nd period - Goal by Harry Polsmokr - Phantoms : 0 - Fletushkas : 2.
4:07 of 2nd period - Brayden Point wins face-off versus Jordan Staal in neutral zone.
4:30 of 2nd period - Shot by Jordan Staal.
4:30 of 2nd period - Shot Misses the Net.
4:32 of 2nd period - Shot by Tyler Bertuzzi.
4:32 of 2nd period - Stopped by Samuel Montembeault without a rebound.
4:33 of 2nd period - Harry Polsmokr wins face-off versus Jared McCann in Phantoms zone.
4:50 of 2nd period - Icing by Brett Pesce.
4:51 of 2nd period - Brayden Point wins face-off versus Harry Polsmokr in Fletushkas zone.
5:05 of 2nd period - Off-side.
5:06 of 2nd period - Sebastian Aho wins face-off versus Jordan Staal in neutral zone.
5:19 of 2nd period - Icing by Adam Pelech.
5:20 of 2nd period - Matthew Tkachuk wins face-off versus Jordan Staal in Fletushkas zone.
5:39 of 2nd period - Shot by Jordan Staal.
5:39 of 2nd period - Shot Misses the Net.
5:45 of 2nd period - Shot by Tyler Bertuzzi.
5:45 of 2nd period - Shot Misses the Net.
5:55 of 2nd period - Shot by Jordan Staal.
5:55 of 2nd period - Shot Blocked by Michael Anderson.
6:13 of 2nd period - Jesper Bratt is hit by Brock Nelson and loses puck.
6:20 of 2nd period - Shot by Valeri Nichushkin.
6:20 of 2nd period - Deflect By Patrick Kane.
6:20 of 2nd period - Stopped by Samuel Montembeault with a rebound.
6:22 of 2nd period - Shot by Mattias Samuelsson.
6:22 of 2nd period - Goal by Mattias Samuelsson - Phantoms : 0 - Fletushkas : 3.
6:23 of 2nd period - Auston Matthews wins face-off versus Jared McCann in neutral zone.
6:31 of 2nd period - Shot by Jared McCann.
6:31 of 2nd period - Shot Blocked by Brent Burns.
6:33 of 2nd period - Shot by Jared McCann.
6:33 of 2nd period - Stopped by Sergei Bobrovsky without a rebound.
6:34 of 2nd period - Sebastian Aho wins face-off versus Brock Nelson in Fletushkas zone.
6:50 of 2nd period - Brady Tkachuk is hit by Mattias Samuelsson and loses puck.
7:22 of 2nd period - Icing by Mattias Samuelsson.
7:23 of 2nd period - Brock Nelson wins face-off versus Jared McCann in Fletushkas zone.
8:51 of 2nd period - Shot by Tyler Bertuzzi.
8:51 of 2nd period - Shot Misses the Net.
9:10 of 2nd period - Icing by Mattias Samuelsson.
9:11 of 2nd period - Brock Nelson wins face-off versus Sebastian Aho in Fletushkas zone.
9:26 of 2nd period - Shot by Brock Nelson.
9:26 of 2nd period - Stopped by Samuel Montembeault without a rebound.
9:27 of 2nd period - Auston Matthews wins face-off versus Sebastian Aho in Phantoms zone.
9:36 of 2nd period - Shot by Owen Tippett.
9:36 of 2nd period - Stopped by Samuel Montembeault with a rebound.
9:38 of 2nd period - Shot by Owen Tippett.
9:38 of 2nd period - Shot Misses the Net.
9:40 of 2nd period - Shot by Harry Polsmokr.
9:40 of 2nd period - Shot Misses the Net.
9:42 of 2nd period - Shot by Adam Pelech.
9:42 of 2nd period - Stopped by Samuel Montembeault with a rebound.
9:44 of 2nd period - Shot by Harry Polsmokr.
9:44 of 2nd period - Stopped by Samuel Montembeault without a rebound.
9:45 of 2nd period - Brock Nelson wins face-off versus Brayden Point in Phantoms zone.
10:06 of 2nd period - Shot by Brent Burns.
10:06 of 2nd period - Stopped by Samuel Montembeault without a rebound.
10:07 of 2nd period - Jared McCann wins face-off versus Auston Matthews in Phantoms zone.
11:10 of 2nd period - Shot by Patrick Kane.
11:10 of 2nd period - Stopped by Samuel Montembeault without a rebound.
11:11 of 2nd period - Brock Nelson wins face-off versus Sebastian Aho in Phantoms zone.
11:42 of 2nd period - Shot by Brady Tkachuk.
11:42 of 2nd period - Stopped by Sergei Bobrovsky without a rebound.
11:43 of 2nd period - Jordan Staal wins face-off versus Brayden Point in Fletushkas zone.
12:04 of 2nd period - Shot by Brayden Point.
12:04 of 2nd period - Stopped by Sergei Bobrovsky without a rebound.
12:05 of 2nd period - Harry Polsmokr wins face-off versus Dominik Kubalik in Fletushkas zone.
12:05 of 2nd period - Harry Polsmokr is hit by Andrew Mangiapane.
12:41 of 2nd period - Shot by Valeri Nichushkin.
12:41 of 2nd period - Deflect By Joel Farabee.
12:41 of 2nd period - Stopped by Samuel Montembeault without a rebound.
12:42 of 2nd period - Brayden Point wins face-off versus Jordan Staal in Phantoms zone.
12:47 of 2nd period - Jordan Staal is hit by Matthew Tkachuk and loses puck.
12:53 of 2nd period - Icing by Jordan Staal.
12:54 of 2nd period - Sebastian Aho wins face-off versus Jordan Staal in Fletushkas zone.
12:55 of 2nd period - Shot by Brady Tkachuk.
12:55 of 2nd period - Deflect By Sebastian Aho.
12:55 of 2nd period - Shot Misses the Net.
13:49 of 2nd period - Shot by Harry Polsmokr.
13:49 of 2nd period - Shot Misses the Net.
13:51 of 2nd period - Shot by Harry Polsmokr.
13:51 of 2nd period - Stopped by Samuel Montembeault without a rebound.
13:52 of 2nd period - Brock Nelson wins face-off versus Brayden Point in Phantoms zone.
13:59 of 2nd period - Shot by Valeri Nichushkin.
13:59 of 2nd period - Stopped by Samuel Montembeault without a rebound.
14:00 of 2nd period - Brayden Point wins face-off versus Auston Matthews in Phantoms zone.
14:02 of 2nd period - Icing by Todd Harkness.
14:03 of 2nd period - Harry Polsmokr wins face-off versus Jesper Bratt in Phantoms zone.
14:34 of 2nd period - Shot by Harry Polsmokr.
14:34 of 2nd period - Stopped by Samuel Montembeault without a rebound.
14:35 of 2nd period - Jordan Staal wins face-off versus Jared McCann in Phantoms zone.
14:41 of 2nd period - Minor Penalty to Michael Anderson for Interference.
14:42 of 2nd period - Matthew Tkachuk wins face-off versus Brock Nelson in Phantoms zone.
14:42 of 2nd period - Matthew Tkachuk is hit by Owen Tippett.
14:56 of 2nd period - Shot by Patrick Kane.
14:56 of 2nd period - Stopped by Samuel Montembeault without a rebound.
14:57 of 2nd period - Auston Matthews wins face-off versus Matthew Tkachuk in Phantoms zone.
15:02 of 2nd period - Shot by Brent Burns.
15:02 of 2nd period - Shot Blocked by Todd Harkness.
15:14 of 2nd period - Shot by Valeri Nichushkin.
15:14 of 2nd period - Shot Misses the Net.
15:18 of 2nd period - Shot by Auston Matthews.
15:18 of 2nd period - Shot Misses the Net.
16:17 of 2nd period - Shot by Owen Tippett.
16:17 of 2nd period - Shot Misses the Net.
16:19 of 2nd period - Shot by Brock Nelson.
16:19 of 2nd period - Goal by Brock Nelson - Phantoms : 0 - Fletushkas : 4.
16:20 of 2nd period - Sebastian Aho wins face-off versus Jordan Staal in neutral zone.
16:30 of 2nd period - Icing by Brian Dumoulin.
16:31 of 2nd period - Sebastian Aho wins face-off versus Jordan Staal in Phantoms zone.
16:47 of 2nd period - Noel Acciari is hit by Brian Dumoulin and loses puck.
16:58 of 2nd period - Shot by Brady Tkachuk.
16:58 of 2nd period - Shot Blocked by Adam Pelech.
17:35 of 2nd period - Shot by Jared McCann.
17:35 of 2nd period - Stopped by Sergei Bobrovsky with a rebound.
17:37 of 2nd period - Shot by Todd Harkness.
17:37 of 2nd period - Shot Misses the Net.
17:43 of 2nd period - Shot by Jared McCann.
17:43 of 2nd period - Goal by Jared McCann - Phantoms : 1 - Fletushkas : 4.
17:44 of 2nd period - Brock Nelson wins face-off versus Brayden Point in neutral zone.
17:55 of 2nd period - Shot by Valeri Nichushkin.
17:55 of 2nd period - Shot Misses the Net.
17:57 of 2nd period - Shot by Brock Nelson.
17:57 of 2nd period - Shot Blocked by Scott Mayfield.
17:59 of 2nd period - Shot by Mattias Samuelsson.
17:59 of 2nd period - Stopped by Samuel Montembeault without a rebound.
18:00 of 2nd period - Auston Matthews wins face-off versus Brayden Point in Phantoms zone.
18:03 of 2nd period - Shot by Owen Tippett.
18:03 of 2nd period - Shot Blocked by Ilya Lyubushkin.
18:05 of 2nd period - Shot by Harry Polsmokr.
18:05 of 2nd period - Deflect By Auston Matthews.
18:05 of 2nd period - Stopped by Samuel Montembeault without a rebound.
18:06 of 2nd period - Auston Matthews wins face-off versus Jared McCann in Phantoms zone.
18:07 of 2nd period - Shot by Owen Tippett.
18:07 of 2nd period - Stopped by Samuel Montembeault without a rebound.
18:08 of 2nd period - Auston Matthews wins face-off versus Brayden Point in Phantoms zone.
18:28 of 2nd period - Shot by Brayden Point.
18:28 of 2nd period - Shot Misses the Net.
19:25 of 2nd period - Shot by Valeri Nichushkin.
19:25 of 2nd period - Stopped by Samuel Montembeault without a rebound.
19:26 of 2nd period - Sebastian Aho wins face-off versus Noel Acciari in Phantoms zone.
19:32 of 2nd period - Tyler Bertuzzi is hit by Michael Anderson and loses puck.
19:35 of 2nd period - Shot by Mattias Samuelsson.
19:35 of 2nd period - Stopped by Samuel Montembeault without a rebound.
19:36 of 2nd period - Kevin Hayes wins face-off versus Brock Nelson in Phantoms zone.
19:58 of 2nd period - Shot by Valeri Nichushkin.
19:58 of 2nd period - Stopped by Samuel Montembeault with a rebound.
Goals for this period are 1 for Phantoms vs 3 for Fletushkas.
Shots for this period are 7 for Phantoms vs 23 for Fletushkas.

3rd period


0:01 of 3rd period - Brayden Point wins face-off versus Brock Nelson in neutral zone.
0:34 of 3rd period - Shot by Matthew Tkachuk.
0:34 of 3rd period - Stopped by Sergei Bobrovsky without a rebound.
0:35 of 3rd period - Auston Matthews wins face-off versus Dominik Kubalik in Fletushkas zone.
0:46 of 3rd period - Off-side.
0:47 of 3rd period - Jordan Staal wins face-off versus Kevin Hayes in neutral zone.
0:50 of 3rd period - Brian Dumoulin is hit by Noel Acciari and loses puck.
0:58 of 3rd period - Tyler Bertuzzi is hit by Brian Dumoulin and loses puck.
1:01 of 3rd period - Shot by Noel Acciari.
1:01 of 3rd period - Stopped by Samuel Montembeault without a rebound.
1:02 of 3rd period - Auston Matthews wins face-off versus Brayden Point in Phantoms zone.
1:39 of 3rd period - Matthew Tkachuk is hit by K'Andre Miller and loses puck.
2:19 of 3rd period - Patrick Kane is hit by Scott Mayfield and loses puck.
2:31 of 3rd period - Valeri Nichushkin is hit by Scott Mayfield and loses puck.
2:34 of 3rd period - Shot by Valeri Nichushkin.
2:34 of 3rd period - Shot Misses the Net.
2:36 of 3rd period - Shot by Brent Burns.
2:36 of 3rd period - Stopped by Samuel Montembeault with a rebound.
2:38 of 3rd period - Shot by Valeri Nichushkin.
2:38 of 3rd period - Stopped by Samuel Montembeault without a rebound.
2:39 of 3rd period - Sebastian Aho wins face-off versus Tyler Bertuzzi in Phantoms zone.
2:43 of 3rd period - Icing by Brady Tkachuk.
2:44 of 3rd period - Sebastian Aho wins face-off versus Tyler Bertuzzi in Phantoms zone.
2:44 of 3rd period - Sebastian Aho is hit by Noel Acciari.
3:13 of 3rd period - Icing by Sebastian Aho.
3:14 of 3rd period - Brock Nelson wins face-off versus Sebastian Aho in Phantoms zone.
3:23 of 3rd period - Shot by Brock Nelson.
3:23 of 3rd period - Deflect By Patrick Kane.
3:23 of 3rd period - Shot Misses the Net.
3:37 of 3rd period - Adam Pelech is hit by Brady Tkachuk and loses puck.
4:24 of 3rd period - Icing by Brent Burns.
4:25 of 3rd period - Owen Tippett wins face-off versus Dominik Kubalik in Fletushkas zone.
4:40 of 3rd period - Shot by Andrew Mangiapane.
4:40 of 3rd period - Shot Misses the Net.
4:42 of 3rd period - Shot by Andrew Mangiapane.
4:42 of 3rd period - Shot Misses the Net.
4:44 of 3rd period - Shot by Scott Mayfield.
4:44 of 3rd period - Shot Hit the Post.
4:46 of 3rd period - Shot by Devon Toews.
4:46 of 3rd period - Stopped by Sergei Bobrovsky with a rebound.
5:37 of 3rd period - Minor Penalty to Brady Tkachuk for Hooking.
5:38 of 3rd period - Brock Nelson wins face-off versus Matthew Tkachuk in Phantoms zone.
5:43 of 3rd period - Shot by Brent Burns.
5:43 of 3rd period - Shot Misses the Net.
5:45 of 3rd period - Shot by Brock Nelson.
5:45 of 3rd period - Stopped by Samuel Montembeault without a rebound.
5:46 of 3rd period - Auston Matthews wins face-off versus Matthew Tkachuk in Phantoms zone.
8:04 of 3rd period - Shot by Jordan Staal.
8:04 of 3rd period - Shot Misses the Net.
8:13 of 3rd period - Noel Acciari is hit by Michael Anderson and loses puck.
8:54 of 3rd period - Shot by Todd Harkness.
8:54 of 3rd period - Shot Misses the Net.
8:58 of 3rd period - Shot by Andrew Mangiapane.
8:58 of 3rd period - Shot Blocked by K'Andre Miller.
9:22 of 3rd period - Shot by Auston Matthews.
9:22 of 3rd period - Stopped by Samuel Montembeault without a rebound.
9:23 of 3rd period - Jordan Staal wins face-off versus Brayden Point in Phantoms zone.
9:34 of 3rd period - Shot by Brent Burns.
9:34 of 3rd period - Stopped by Samuel Montembeault without a rebound.
9:35 of 3rd period - Brayden Point wins face-off versus Brock Nelson in Phantoms zone.
10:42 of 3rd period - Todd Harkness is hit by Noel Acciari and loses puck.
11:53 of 3rd period - Off-side.
11:54 of 3rd period - Auston Matthews wins face-off versus Brayden Point in neutral zone.
12:23 of 3rd period - Off-side.
12:24 of 3rd period - Harry Polsmokr wins face-off versus Sebastian Aho in neutral zone.
13:37 of 3rd period - Shot by Dominik Kubalik.
13:37 of 3rd period - Shot Hit the Post.
13:39 of 3rd period - Shot by Brian Dumoulin.
13:39 of 3rd period - Stopped by Sergei Bobrovsky without a rebound.
13:40 of 3rd period - Auston Matthews wins face-off versus Brayden Point in Fletushkas zone.
13:40 of 3rd period - Joel Farabee is hit by Matthew Tkachuk and loses puck.
14:05 of 3rd period - Shot by Auston Matthews.
14:05 of 3rd period - Deflect By Owen Tippett.
14:05 of 3rd period - Stopped by Samuel Montembeault without a rebound.
14:06 of 3rd period - Jordan Staal wins face-off versus Kevin Hayes in Phantoms zone.
14:23 of 3rd period - Shot by Tyler Bertuzzi.
14:23 of 3rd period - Shot Misses the Net.
14:33 of 3rd period - Shot by Harry Polsmokr.
14:33 of 3rd period - Stopped by Samuel Montembeault with a rebound.
14:35 of 3rd period - Shot by Harry Polsmokr.
14:35 of 3rd period - Shot Misses the Net.
14:45 of 3rd period - Shot by Brady Tkachuk.
14:45 of 3rd period - Stopped by Sergei Bobrovsky with a rebound.
14:51 of 3rd period - Shot by Valeri Nichushkin.
14:51 of 3rd period - Stopped by Samuel Montembeault without a rebound.
14:52 of 3rd period - Brayden Point wins face-off versus Auston Matthews in Phantoms zone.
14:52 of 3rd period - Brayden Point is hit by Auston Matthews.
15:16 of 3rd period - Shot by Jesper Bratt.
15:16 of 3rd period - Shot Misses the Net.
15:26 of 3rd period - Shot by Brayden Point.
15:26 of 3rd period - Stopped by Sergei Bobrovsky with a rebound.
15:34 of 3rd period - Shot by Brayden Point.
15:34 of 3rd period - Shot Misses the Net.
15:47 of 3rd period - Icing by Braden Schneider.
15:48 of 3rd period - Auston Matthews wins face-off versus Jared McCann in Fletushkas zone.
15:48 of 3rd period - Auston Matthews is hit by Dominik Kubalik.
16:35 of 3rd period - Icing by K'Andre Miller.
16:36 of 3rd period - Sebastian Aho wins face-off versus Owen Tippett in Fletushkas zone.
16:59 of 3rd period - Shot by Sebastian Aho.
16:59 of 3rd period - Shot Misses the Net.
17:01 of 3rd period - Shot by Michael Anderson.
17:01 of 3rd period - Stopped by Sergei Bobrovsky with a rebound.
17:15 of 3rd period - Shot by Kevin Hayes.
17:15 of 3rd period - Shot Blocked by Braden Schneider.
17:17 of 3rd period - Shot by Michael Anderson.
17:17 of 3rd period - Shot Blocked by Braden Schneider.
17:26 of 3rd period - Auston Matthews is hit by Matthew Tkachuk and loses puck.
17:33 of 3rd period - Shot by Jesper Bratt.
17:33 of 3rd period - Deflect By Matthew Tkachuk.
17:33 of 3rd period - Stopped by Sergei Bobrovsky without a rebound.
17:34 of 3rd period - Harry Polsmokr wins face-off versus Brayden Point in Fletushkas zone.
17:34 of 3rd period - Harry Polsmokr is hit by Matthew Tkachuk.
17:46 of 3rd period - Shot by Valeri Nichushkin.
17:46 of 3rd period - Shot Misses the Net.
18:03 of 3rd period - Brayden Point is hit by Mattias Samuelsson and loses puck.
18:44 of 3rd period - Shot by Jordan Staal.
18:44 of 3rd period - Shot Misses the Net.
18:50 of 3rd period - Shot by Noel Acciari.
18:50 of 3rd period - Shot Misses the Net.
18:52 of 3rd period - Shot by Jordan Staal.
18:52 of 3rd period - Stopped by Samuel Montembeault without a rebound.
18:53 of 3rd period - Jordan Staal wins face-off versus Sebastian Aho in Phantoms zone.
19:14 of 3rd period - Shot by Brady Tkachuk.
19:14 of 3rd period - Shot Misses the Net.
19:28 of 3rd period - Shot by Brady Tkachuk.
19:28 of 3rd period - Shot Blocked by Brett Pesce.
Goals for this period are 0 for Phantoms vs 0 for Fletushkas.
Shots for this period are 7 for Phantoms vs 10 for Fletushkas.